 Dungeon Crawl Stone Soup version 0.23.0 (webtiles) character file.

Game seed: 11881462292271371420

16616 Mrkaede the Basher (level 12, -5/115 HPs)
             Began as a Gargoyle Berserker on Feb 15, 2019.
             Was a High Priest of Trog.
             Slain by an ice devil (6 damage)
             ... in an ice cave.
             The game lasted 00:39:36 (10726 turns).

Mrkaede the Basher (Gargoyle Berserker)            Turns: 10726, Time: 00:39:37

Health: -5/115     AC: 30    Str: 29    XL:     12   Next: 39%
Magic:  15/15      EV: 12    Int: 13    God:    Trog [*****.]
Gold:   2063       SH:  6    Dex: 13    Spells: 11/11 levels left

rFire    . . .     SeeInvis +   I - +4 mace of Exhibitionism {drain, Int+4 Dex+3 SInv Stlth+}
rCold    . . .     Gourm    .   H - +0 buckler
rNeg     + . .     Faith    .   z - +5 chain mail {MR+}
rPois    ∞         Spirit   .   n - +0 helmet
rElec    +         Reflect  .   u - +0 cloak
rCorr    +         Harm     .   w - +0 pair of gloves
MR       +....                  V - +0 pair of boots
Stlth    ..........             E - amulet of the acrobat
HPRegen  0.29/turn              K - +2 ring of intelligence
MPRegen  0.14/turn              q - ring of resist corrosion

@: berserking, very quick
A: dopey 1, negative energy resistance 1, electricity resistance, unbreathing,
petrification resistance, rot immunity, AC +8
a: Berserk, Trog's Hand, Brothers in Arms, Renounce Religion


You were in an ice cave.
You worshipped Trog.
Trog was extremely pleased with you.
You were not hungry.

You visited 1 branch of the dungeon, and saw 11 of its levels.
You also visited: Ice Cave.

You collected 2063 gold pieces.

Inventory:

Hand Weapons
 x - a +3 flail
 A - a +0 flail of protection
 I - the +4 mace of Exhibitionism (weapon) {drain, Int+4 Dex+3 SInv Stlth+}
   (You found it on level 4 of the Dungeon)

   A truly terrible weapon, it drains the life of those it strikes.
   It affects your intelligence (+4).
   It affects your dexterity (+3).
   It lets you see invisible.
   It makes you more stealthy.
Missiles
 b - 4 javelins of returning
 d - 4 poisoned javelins
 F - 5 silver javelins (quivered)
Armour
 a - the +2 ring mail of Zenohouk {*Contam Int+8}
   (You found it on level 5 of the Dungeon)

   It affects your intelligence (+8).
   It causes magical contamination when unequipped.
 n - a +0 helmet (worn)
 u - a +0 cloak (worn)
 w - a +0 pair of gloves (worn)
 z - a +5 chain mail of magic resistance (worn)
 H - a +0 buckler (worn)
 O - the +1 leather armour of Remuas Voaw {rF+ Stlth+}
   (You found it on level 9 of the Dungeon)

   It protects you from fire.
   It makes you more stealthy.
 V - a +0 pair of boots (worn)
Jewellery
 q - a ring of resist corrosion (right hand)
 t - an uncursed ring of magical power
 E - an amulet of the acrobat (around neck)
 K - a +2 ring of intelligence (left hand)
 L - an uncursed ring of magical power
Wands
 v - a wand of digging (3)
 y - a wand of polymorph (16)
 D - a wand of iceblast (8)
 M - a wand of disintegration (18)
Scrolls
 e - 3 scrolls of enchant weapon {unknown}
 h - 6 scrolls of teleportation
 i - 2 scrolls of fear
 k - 10 scrolls of remove curse
 o - 2 scrolls of blinking
 s - 2 scrolls of fog
 G - 2 scrolls of amnesia
Potions
 f - 4 potions of degeneration
 j - 5 potions of flight
 p - 2 potions of berserk rage
 r - a potion of cancellation
 B - 2 potions of might
 C - 3 potions of haste
 J - a potion of ambrosia
 N - a potion of agility
 P - a potion of resistance
 Q - 2 potions of invisibility
 R - a potion of heal wounds
 T - a potion of mutation
Miscellaneous
 S - a phial of floods (inert)
 U - a sack of spiders
Comestibles
 c - 26 rations


   Skills:
 * Level 9.9 Fighting
 * Level 10.3 Maces & Flails
 + Level 4.6 Throwing
 * Level 8.9 Armour
 * Level 6.7 Dodging
 - Level 0.9 Stealth
 * Level 7.9 Shields
 + Level 4.9 Evocations


You had 11 spell levels left.
You didn't know any spells.
Your spell library was empty.

Dungeon Overview and Level Annotations

Branches:
Dungeon (11/15)            Temple (0/1) D:7            Lair (0/6) D:11
    Orc (0/2) D:9

Altars:
Ashenzari
Fedhas
Xom

Shops:
D:8 (

Portals:
Trove: D:10 (give +6 demon blade)


Innate Abilities, Weirdness & Mutations

You are resistant to torment.
Your stone body is resilient. (AC +8)
You are immune to poison.
You resist negative energy. (rN+)
You are resistant to electric shocks. (rElec)
You can survive without breathing.
You are immune to petrification.
You are immune to rotting.
You are dopey. (Int -2)


Message History

The ice devil hits you but does no damage.
The ice devil hits you.
* * * LOW HITPOINT WARNING * * *
The ice devil freezes you!
* * * LOW HITPOINT WARNING * * *
You sock the ice devil!
The ice devil is severely wounded.
You barely miss the ice devil.
The ice devil is severely wounded.
The ice devil hits you!
* * * LOW HITPOINT WARNING * * *
The ice devil freezes you!
* * * LOW HITPOINT WARNING * * *
The ice devil hits you but does no damage. x3
You are too berserk!
Okay, then.
You hit the ice devil but do no damage.
The ice devil is severely wounded.
You block the ice devil's attack. The ice devil hits you.
You die...

##### ##...##
##.....##
#...∩...#
#...∩...#
##.....##
##...## ##4..#
#@44## #44.##
##...# ##...##
#.....#
#...........#
#.............
#.............
#..............


You could see 5 ice devils.

Vanquished Creatures
  Harold (D:7)
  3 two-headed ogres
  A tengu warrior (D:10)
  A skeletal warrior (D:10)
  An unseen horror (D:10)
  2 cyclopes (D:10)
  2 deep elf magi (D:10)
  2 ugly things
  The ghost of Rayvis the Skirmisher, a novice HOFi (D:5)
  A centaur zombie (D:11)
  A gargoyle (D:10)
  A troll (D:8)
  Grinder (D:5)
  A hornet (D:10)
  2 hippogriffs
  Eustachio (D:4)
  6 yaks
  3 hungry ghosts
  A vampire mosquito (D:9)
  3 black bears
  4 ice beasts
  4 orc warriors
  4 sky beasts
  A necrophage (D:10)
  An eye of draining (D:10)
  2 phantoms
  8 ogres
  2 centaurs
  10 bullfrogs
  2 wyvern zombies (D:8)
  A gnoll sergeant (D:7)
  4 scorpions
  14 killer bees
  3 wights (D:6)
  A howler monkey (D:9)
  4 electric eels (D:9)
  4 crimson imps
  2 bullfrog zombies
  Crazy Yiuf (D:4)
  5 jellies
  A bullfrog skeleton (D:6)
  7 orc priests
  3 hounds
  3 centaur skeletons
  7 iguanas
  Natasha (twice) (D:4)
  8 orc wizards
  8 worker ants
  A hound skeleton (D:4)
  2 worker ant zombies
  Robin (D:3)
  13 gnolls
  11 adders
  3 shadow imps
  7 white imps (D:11)
  3 oozes
  2 adder zombies
  2 worms (D:2)
  2 dart slugs
  An adder simulacrum (D:10)
  5 leopard geckos
  33 orcs
  9 bats
  A bat skeleton (D:2)
  19 goblins
  12 hobgoblins
  12 jackals
  14 kobolds
  6 quokkas
  2 ball pythons
  5 frilled lizards
  A jackal zombie (D:6)
  A quokka skeleton (D:5)
  7 rats
326 creatures vanquished.

Vanquished Creatures (collateral kills)
  A slime creature (D:10)
  A bullfrog (D:10)
  A wyvern zombie (D:10)
  3 white imps (D:11)
6 creatures vanquished.

Vanquished Creatures (others)
  A fungus (D:4)
  3 toadstools (D:8)
4 creatures vanquished.

Grand Total: 336 creatures vanquished

Notes
Turn   | Place    | Note
-------+----------+-------------------------------------------
     0 | D:1      | Mrkaede the Gargoyle Berserker began the quest for the Orb.
     0 | D:1      | Reached XP level 1. HP: 14/14 MP: 1/1
    75 | D:1      | Reached XP level 2. HP: 15/19 MP: 2/2
   223 | D:1      | Reached XP level 3. HP: 15/24 MP: 3/3
   486 | D:1      | Reached ** piety under Trog
  1141 | D:2      | Reached skill level 4 in Maces & Flails
  1141 | D:2      | Reached XP level 4. HP: 25/29 MP: 4/4
  1753 | D:3      | Reached XP level 5. HP: 25/33 MP: 5/5
  1817 | D:3      | Noticed Robin
  1827 | D:3      | Killed Robin
  1830 | D:3      | Reached *** piety under Trog
  1874 | D:3      | Reached skill level 5 in Maces & Flails
  1967 | D:3      | Reached XP level 6. HP: 34/39 MP: 6/6
  2368 | D:3      | Reached **** piety under Trog
  2489 | D:4      | Reached skill level 6 in Maces & Flails
  2550 | D:4      | Reached XP level 7. HP: 32/44 MP: 7/7
  2843 | D:4      | Noticed Eustachio
  2864 | D:4      | Reached skill level 5 in Fighting
  2898 | D:4      | Killed Eustachio
  2898 | D:4      | Reached skill level 7 in Maces & Flails
  2948 | D:4      | Received a gift from Trog
  2973 | D:4      | Noticed Natasha
  2977 | D:4      | Killed Natasha
  3022 | D:4      | Reached XP level 8. HP: 45/50 MP: 8/8
  3112 | D:4      | Noticed Natasha
  3118 | D:4      | Killed Natasha
  3132 | D:4      | Found a blossoming altar of Fedhas.
  3432 | D:4      | Found a runed translucent door.
  3433 | D:4      | Noticed Crazy Yiuf
  3446 | D:4      | Killed Crazy Yiuf
  3451 | D:4      | Got a smoking mace
  3452 | D:4      | Identified the +4 mace of Exhibitionism {drain, Int+4 Dex+3
                  | SInv Stlth+} (You found it on level 4 of the Dungeon)
  3475 | D:5      | Entered Level 5 of the Dungeon
  3546 | D:5      | Noticed a hippogriff
  3555 | D:5      | Killed a hippogriff
  3555 | D:5      | Reached skill level 1 in Throwing
  3555 | D:5      | Reached skill level 1 in Shields
  3616 | D:5      | Reached skill level 1 in Evocations
  3733 | D:5      | Noticed Rayvis's ghost (novice HOFi)
  3734 | D:5      | Found a runed translucent gate.
  3735 | D:5      | Got a distressingly furry ring mail
  3746 | D:5      | Identified the +2 ring mail of Zenohouk {*Contam Int+8}
                  | (You found it on level 5 of the Dungeon)
  3754 | D:5      | Gained mutation: You are dopey. (Int -2) [mutagenic glow]
  3760 | D:5      | Found a runed translucent gate.
  3760 | D:5      | Found a runed translucent gate.
  3772 | D:5      | Noticed Grinder
  3793 | D:5      | Received a gift from Trog
  3803 | D:5      | Killed Grinder
  3826 | D:5      | Reached XP level 9. HP: 56/56 MP: 10/10
  4214 | D:5      | Killed Rayvis's ghost
  4214 | D:5      | Reached skill level 5 in Armour
  4450 | D:6      | Found a shimmering altar of Xom.
  4485 | D:6      | Reached skill level 8 in Maces & Flails
  5389 | D:7      | Received a gift from Trog
  5770 | D:7      | Reached XP level 10. HP: 60/63 MP: 11/11
  5945 | D:7      | Noticed Harold
  5965 | D:7      | Killed Harold
  6071 | D:7      | Reached skill level 5 in Shields
  6242 | D:7      | Found a staircase to the Ecumenical Temple.
  6466 | D:8      | Found Logiyqyl's Weapon Shoppe.
  6634 | D:8      | Reached skill level 5 in Dodging
  6962 | D:8      | Reached skill level 9 in Maces & Flails
  7315 | D:8      | Noticed a two-headed ogre
  7321 | D:8      | Killed a two-headed ogre
  7581 | D:9      | Got a warped leather armour
  7592 | D:9      | Identified the +1 leather armour of Remuas Voaw {rF+
                  | Stlth+} (You found it on level 9 of the Dungeon)
  7728 | D:9      | Reached XP level 11. HP: 68/69 MP: 13/13
  7803 | D:9      | Reached ***** piety under Trog
  8001 | D:9      | Found a staircase to the Orcish Mines.
  8117 | D:10     | Entered Level 10 of the Dungeon
  8127 | D:10     | Found a portal to a secret trove of treasure.
  8154 | D:10     | Noticed a tengu warrior
  8160 | D:10     | Noticed a cyan ugly thing
  8164 | D:10     | Noticed a cyan ugly thing
  8168 | D:10     | Noticed a two-headed ogre
  8181 | D:10     | Noticed a deep elf mage
  8184 | D:10     | Killed a tengu warrior
  8195 | D:9      | Killed a two-headed ogre
  8205 | D:9      | Killed a red ugly thing
  8375 | D:10     | Found a shattered altar of Ashenzari.
  8429 | D:10     | Noticed a cyclops
  8433 | D:10     | Received a gift from Trog
  8474 | D:10     | Killed a cyclops
  8510 | D:10     | Killed a purple ugly thing
  8819 | D:10     | Noticed a cyclops
  9556 | D:10     | Killed a cyclops
  9638 | D:10     | Noticed a skeletal warrior
  9657 | D:10     | Killed a skeletal warrior
  9657 | D:10     | Reached skill level 10 in Maces & Flails
  9657 | D:10     | Reached XP level 12. HP: 76/76 MP: 15/15
 10023 | D:10     | Identified Doecs's Tome of Virous Necromancy
 10023 | D:10     | Identified the Handbook of Attacks and Earth
 10357 | D:11     | Noticed a two-headed ogre
 10365 | D:11     | Killed a two-headed ogre
 10402 | D:11     | Found a frozen archway.
 10420 | D:11     | Received a gift from Trog
 10442 | IceCv    | Entered an ice cave
 10725 | IceCv    | HP: 1/115 [ice devil (10)]
 10726 | IceCv    | Slain by an ice devil

Skill      XL: |  1  2  3  4  5  6  7  8  9 10 11 |
---------------+----------------------------------+-----
Maces & Flails | 4 5 6 7 8 9 10 | 10.3
Dodging        | 2 3 4 5 6 |  6.7
Fighting       | 4 5 6 7 8 9 |  9.9
Armour         | 3 4 6 7 8 |  8.9
Throwing       | 1 2 3 4 |  4.6
Shields        | 2 4 6 7 |  7.9
Evocations     | 1 2 3 4 |  4.9
Stealth        | |  0.9

Action                   |  1- 3 |  4- 6 |  7- 9 | 10-12 || total
-------------------------+-------+-------+-------+-------++-------
Melee: Mace              |   102 |   189 |   285 |   655 ||  1231
       Flail             |       |    70 |    97 |       ||   167
Throw: Javelin           |       |       |     3 |    21 ||    24
Invok: Berserk           |     1 |     3 |     2 |    10 ||    16
       Trog's Hand       |       |       |     2 |     5 ||     7
       Brothers in Arms  |       |       |     1 |     1 ||     2
Evoke: Wand              |       |       |       |     1 ||     1
       Phial of floods   |       |       |       |     1 ||     1
       Sack of spiders   |       |       |       |     1 ||     1
  Use: Scroll            |       |     5 |     1 |    21 ||    27
       Potion            |       |       |       |     2 ||     2
 Stab: Invisible         |       |       |       |     1 ||     1
  Eat: Chunk             |     2 |     8 |    10 |    20 ||    40
       Ration            |       |       |     1 |     5 ||     6
Armor: Animal skin       |    49 |       |       |       ||    49
       Chain mail        |       |   134 |   304 |   432 ||   870
       Leather armour    |       |    12 |       |       ||    12
       Acid dragon scale |       |     6 |       |       ||     6
Dodge: Dodged            |    90 |   126 |   208 |   489 ||   913
Block: Buckler           |       |       |    65 |   215 ||   280
